 Dungeon Crawl Stone Soup version 0.30-a0-862-g1aabd4f9c5 (webtiles) character file.

Game seed: 11856925280089082063

42 CowFu the Shooter (level 3, -1/20 HPs)
             Began as a Kobold Hexslinger on Mar 8, 2023.
             Slain by a gnoll
             ... wielding a +0 halberd
              (14 damage)
             ... on level 3 of the Dungeon.
             The game lasted 00:02:21 (1462 turns).

CowFu the Shooter (Kobold Hexslinger)               Turns: 1462, Time: 00:02:22

Health: -1/20      AC:  5    Str:  7    XL:     3   Next: 77%
Magic:  4/4        EV: 15    Int: 14    God:
Gold:   104        SH:  0    Dex: 17    Spells: 3/4 levels left

rFire   . . .      SeeInvis .    a - +1 sling
rCold   . . .      Faith    .    (no shield)
rNeg    . . .      Spirit   .    c - +0 robe
rPois   .          Reflect  .    (no helmet)
rElec   .          Rampage  .    (no cloak)
rCorr   .                        g - +2 pair of gloves
Will    .....                    (no boots)
Stlth   +++                      (no amulet)
HPRegen 0.23/turn                (no ring)
MPRegen 0.09/turn                (no ring)

@: no status effects
A: small, no large weapons, nightstalker 3
a: no special abilities


You were on level 3 of the Dungeon.
You visited 1 branch of the dungeon, and saw 3 of its levels.

You collected 104 gold pieces.

Inventory:

Hand Weapons
 a - a +1 sling (weapon)
 b - a +2 whip of electrocution
Armour
 c - a +0 robe (worn)
 g - a +2 pair of gloves (worn)
Scrolls
 d - a scroll of enchant armour
 f - a scroll of identify
 h - a scroll of poison
Potions
 k - a potion of invisibility


   Skills:
 - Level 1.1 Fighting
 + Level 5.1 Ranged Weapons
 - Level 2.4 Dodging
 - Level 1.1 Spellcasting
 - Level 3.0 Hexes


You had 3 spell levels left.
You knew the following spells:

 Your Spells              Type           Power      Damage    Failure   Level
a - Slow                  Hex            36%        N/A       8%          1

Your spell library contained the following spells:

 Spells                   Type           Power      Damage    Failure   Level
 Inner Flame              Hex/Fire       4%         N/A       38%         3
 Portal Projectile        Hex/Tloc       8%         N/A       38%         3
 Cause Fear               Hex            4%         N/A       58%         4


Dungeon Overview and Level Annotations

Branches:
Dungeon (3/15)

Altars:
Qazlal


Innate Abilities, Weirdness & Mutations

You are small and have problems with some larger weapons.
You are completely attuned to the shadows.


Message History

The orc is moderately wounded.
The orc hits you with a +0 whip. x2; The orc barely misses you.
A gnoll comes into view. It is wielding a +0 halberd.
You shoot a sling bullet. The sling bullet hits the orc.
The orc is almost dead.
The orc hits you but does no damage. The orc closely misses you.
You shoot a sling bullet. The sling bullet hits the orc.
You kill the orc!
The orc hits you with a +0 mace.
A gnoll comes into view. It is wielding a +0 halberd.
You hear the crackle of electricity.
b - a +2 whip of electrocution (weapon)
You are too injured to fight recklessly!
You are too injured to fight recklessly!
A kobold comes into view. It is wielding a +0 dagger.
The orc attacks as you move away! The orc closely misses you.
The orc attacks as you move away! The orc misses you.
Casting: Slow (safe; 8% risk of failure)
Confirm with . or Enter, or press ? or * to list all spells.
Aiming: Slow (safe; 8% risk of failure)
Press: ? - help, Shift-Dir - straight line, f - orc
Aim: an orc, wielding a +0 mace (chance to affect: 61%)
The orc seems to slow down.
The gnoll barely misses you. The orc barely misses you.
Found a stone staircase leading up.
There is a stone staircase leading up here.
No other quiver actions available for cycling.
No other quiver actions available for cycling.
No other quiver actions available for cycling.
Your +2 whip of electrocution stops crackling.
a - a +1 sling (weapon)
You shoot a sling bullet. The sling bullet hits the orc.
You kill the orc!
You shoot a sling bullet. The sling bullet hits the gnoll.
The gnoll is lightly wounded.
You shoot a sling bullet. The sling bullet hits the gnoll.
The gnoll is severely wounded.
The gnoll hits you from afar with a +0 halberd!
Ouch! That really hurt!
You die...

#g#
#.#
#.#
#.#
#K#
#.#
#g#
#.###
#@..#
#####


You could see a gnoll and a kobold.

Vanquished Creatures
  A worm (D:2)
  4 orcs (D:3)
  6 endoplasms
  A giant cockroach (D:1)
  2 goblins (D:1)
  2 hobgoblins
  3 jackals (D:2)
  2 kobolds (D:1)
  A quokka (D:2)
  3 ball pythons
  A bat (D:1)
  2 frilled lizards
  3 rats
31 creatures vanquished.

Notes
Turn   | Place    | Note
-------+----------+-------------------------------------------
     0 | D:1      | CowFu the Kobold Hexslinger began the quest for the Orb.
     0 | D:1      | Reached XP level 1. HP: 12/12 MP: 2/2
     4 | D:1      | Noticed an electric eel
     7 | D:1      | Noticed an electric eel
   145 | D:1      | Reached skill level 3 in Ranged Weapons
   224 | D:1      | Reached XP level 2. HP: 13/16 MP: 3/3
   379 | D:1      | Reached skill level 4 in Ranged Weapons
   891 | D:2      | Reached XP level 3. HP: 18/20 MP: 2/4
  1063 | D:2      | Found a stormy altar of Qazlal.
  1438 | D:3      | Reached skill level 5 in Ranged Weapons
  1462 | D:3      | Slain by a gnoll

Illustrated notes

Levels and vault maps discovered:
D:1:      arrival_aquarium_b, layout_basic
D:2:      layout_rooms, basic_altar
D:3:      layout_basic, nicolae_qazlal_style_of_elements,
          nicolae_overflow_squiral, chequers_serial_rivers_micro_b

Skill      XL: |  1  2  3 |
---------------+----------+-----
Ranged Weapons | 3 4 5 |  5.1
Fighting       | |  1.1
Dodging        | |  2.4
Spellcasting   | |  1.1
Hexes          | |  3.0

Action                     || total
---------------------------++-------
   Fire: Sling             ||   100
   Cast: Slow              ||     9
    Use: Scroll            ||     5
         Potion            ||     2
 Armour: Robe              ||     7
         Skin              ||     3
  Dodge: Dodged            ||    39

Table legend: (Time is in decaauts)
 A = Elapsed time spent in this place.
 B = Non-inter-level travel time spent in this place.
 C = Inter-level travel time spent in this place.
 D = Time resting spent in this place.
 E = Time spent auto-exploring this place.
 F = Levels seen in this place.
 G = Mean time per level.
                   A        B        C        D        E       F      G
               +--------+--------+--------+--------+--------+-----+--------+
         Total |   1480 |   1408 |     72 |      0 |   1179 |   3 |  493.3 |
       Dungeon |   1480 |   1408 |     72 |      0 |   1179 |   3 |  493.3 |
               +--------+--------+--------+--------+--------+-----+--------+

Top non-repeatable levels by time:
     D:1: 860 daAuts
     D:2: 577 daAuts
     D:3: 42 daAuts
